 Dungeon Crawl Stone Soup version 0.31.0-9-g3a7656b989 (webtiles) character file.

Game seed: 9205660399411147599

50 qw the Shooter (level 3, -1/20 HPs)
             Began as a Deep Elf Hunter on Feb 2, 2024.
             Slain by a gnoll
             ... wielding a +0 halberd
              (9 damage)
             ... on level 2 of the Dungeon.
             The game lasted 00:00:02 (918 turns).

qw the Shooter (Deep Elf Hunter)                     Turns: 918, Time: 00:00:03

Health: -1/20      AC:  5    Str: 10    XL:     3   Next: 55%
Magic:  5/5        EV:  6    Int: 13    God:
Gold:   15         SH:  0    Dex: 18    Spells: 2/2 levels left

rFire   . . .        a - +0 shortbow
rCold   . . .        (shield currently unavailable)
rNeg    . . .        f - +0 ring mail
rPois   .            (no helmet)
rElec   .            (no cloak)
rCorr   .            (no gloves)
SInv    .            (no boots)
Will    .....        (no amulet)
Stlth   +            (no ring)
HPRegen 0.23/turn    (no ring)
MPRegen 0.09/turn

%: no passive effects
@: held
A: no striking features
a: no special abilities


You were on level 2 of the Dungeon.
You visited 1 branch of the dungeon, and saw 2 of its levels.

You collected 15 gold pieces.


   Skills:
 - Level 1.5 Fighting
 + Level 7.1 Ranged Weapons
 - Level 2.4 Dodging
 - Level 1.2 Stealth


You had 2 spell levels left.
You didn't know any spells.
Your spell library was empty.

Inventory:

Hand Weapons
 a - a +0 shortbow (weapon)
Armour
 f - a +0 ring mail (worn)

Dungeon Overview and Level Annotations

Branches:
Dungeon (2/15)

Altars:

Shops:
D:1 *


Message History

You shoot an arrow. The arrow barely misses the endoplasm.
The endoplasm closely misses you.
You shoot an arrow. The arrow hits the endoplasm.
You kill the endoplasm!
You start resting.
HP restored.
Found a book of Ice.
Found a hand axe.
Found a stone staircase leading down.
A gnoll comes into view.
It is wielding a +0 halberd and quivering 2 throwing nets.
The gnoll shouts!
You hear an angry hiss.
The gnoll throws a throwing net.
The throwing net barely misses you.
You see here a throwing net.
You shoot an arrow.
The arrow hits the gnoll but does no damage.
You shoot an arrow. The arrow closely misses the gnoll.
You shoot an arrow. The arrow closely misses the gnoll.
A bat comes into view.
You shoot an arrow. The arrow hits the gnoll!
The gnoll is heavily wounded.
A frilled lizard comes into view.
You shoot an arrow. The arrow hits the bat.
You kill the bat!
A giant cockroach comes into view.
You shoot an arrow. The arrow barely misses the gnoll.
The arrow hits the giant cockroach.
You kill the giant cockroach!
The gnoll hits you from afar with a +0 halberd!
Ouch! That really hurt!
You shoot an arrow. The arrow hits the gnoll.
The gnoll is severely wounded.
The gnoll throws a throwing net.
The throwing net hits you.
You become entangled in the net!
You struggle against the net.
The gnoll barely misses you.
You struggle against the net.
The gnoll barely misses you.
You struggle against the net.
The frilled lizard bites you.
The gnoll hits you from afar with a +0 halberd!
You die...

#)# #.# #.# #.#
#.# #.#
#.##########
###@.........#
.....gl..........#
.%..#.......######
......#####.#
>.:## #.# ....
#.#.##.#.# ...
#.#.##.#.# ..
#.#.##.#.#
#.#.##.#.#


You could see a gnoll and a frilled lizard.

Vanquished Creatures
  2 gnolls (D:1)
  A dart slug (D:1)
  A ball python (D:1)
  3 bats
  2 endoplasms
  2 giant cockroaches
  3 goblins (D:1)
  2 hobgoblins (D:1)
  A quokka (D:1)
  5 frilled lizards (D:1)
  5 kobolds (D:1)
  A rat (D:2)
28 creatures vanquished.

Notes
Turn   | Place    | Note
-------+----------+-------------------------------------------
     0 | D:1      | qw the Deep Elf Hunter began the quest for the Orb.
     0 | D:1      | Reached XP level 1. HP: 12/12 MP: 3/3
     0 | D:1      | 0 ||| qw: Version: 0.3-a-155-g5e7d8dd
     0 | D:1      | 0 ||| qw: Game counter: 2789
     0 | D:1      | 0 ||| qw: Melee chars always use a shield: true
     0 | D:1      | 0 ||| qw: God list: Okawaru
     0 | D:1      | 0 ||| qw: Allow faded altars: false
     0 | D:1      | 0 ||| qw: Do Orc after clearing Dungeon:15 true
     0 | D:1      | 0 ||| qw: Do second Lair branch before Depths: true
     0 | D:1      | 0 ||| qw: Lair rune preference: random
     0 | D:1      | 0 ||| qw: Goals: Normal
     0 | D:1      | 0 ||| PLANNING D:1-11
    46 | D:1      | Reached skill level 6 in Ranged Weapons
    46 | D:1      | Reached XP level 2. HP: 16/16 MP: 4/4
   222 | D:1      | Found Muc Usmehi's General Store.
   226 | D:1      | 226 ||| SHOPLISTING ring of fire (300 gold, have 0).
   226 | D:1      | 226 ||| SHOPLISTING scroll of identify (24 gold, have 0).
   226 | D:1      | 226 ||| SHOPLISTING scroll of teleportation (36 gold, have
                  | 0).
   226 | D:1      | 226 ||| SHOPLISTING wand of polymorph (1) (16 gold, have
                  | 0).
   357 | D:1      | Reached XP level 3. HP: 20/20 MP: 5/5
   741 | D:1      | Reached skill level 7 in Ranged Weapons
   811 | D:1      | 811 ||| UPGRADING to +0 ring mail.
   821 | D:1      | 821 ||| DROPPING +0 leather armour.
   822 | D:1      | 822 ||| READING scroll labelled USIPOU DIYBUO.
   822 | D:1      | 822 ||| IDENTIFYING coppery potion
   823 | D:1      | 823 ||| DRINKING 2 bubbling white potions.
   826 | D:1      | 826 ||| DROPPING scroll of butterflies.
   827 | D:1      | 827 ||| DROPPING potion of ambrosia.
   828 | D:1      | 828 ||| DROPPING potion of berserk rage.
   918 | D:2      | Slain by a gnoll

Levels and vault maps discovered:
D:1:      minmay_arrival_cross, layout_basic, serial_shops, shop
D:2:      layout_basic, st_stairs_4, chequers_arboretum

Skill      XL: |  1  2  3 |
---------------+----------+-----
Ranged Weapons | 6 7 |  7.1
Fighting       | |  1.5
Dodging        | |  2.4
Stealth        | |  1.2

Action                     || total
---------------------------++-------
   Fire: Shortbow          ||    84
    Use: Scroll            ||     1
         Potion            ||     1
 Armour: Leather armour    ||    11
         Ring mail         ||     4
  Dodge: Dodged            ||    20

Table legend:
 A = Non-vault XP
 B = Vault XP
 C = Vault XP percentage of total XP
 D = Non-vault monster count
 E = Vault monster count
 F = Vault count percentage of total count
                 A         B        C        D         E       F
            +---------+---------+-------+---------+---------+-------
      Total |      70 |       2 |   2.8 |      27 |       1 |   3.6
            +---------+---------+-------+---------+---------+-------
        D:1 |      65 |       0 |   0.0 |      24 |       0 |   0.0
        D:2 |       5 |       2 |  28.6 |       3 |       1 |  25.0
            +---------+---------+-------+---------+---------+-------
